Kings vs Bruins

Created - February 28, 2019 at 20:27

Goals
1 2 3 T
Kings 1 1 2 4
Bruins 0 1 2 3
Shots
1 2 3 T
Kings 14 12 7 33
Bruins 6 7 9 22

1st period

1. Kings , Patrick Kane 39 (Ryan O'Reilly 29) at 5:03

Penalties :
Nathan Horton (Bos) for Roughing (Minor) at 10:23

2nd period

2. Kings , Wayne Simmonds 20 (Patrick Kane 45, Anze Kopitar 46) at 5:32
3. Bruins , Pierre-Marc Bouchard 16 (Shane O'Brien 18, Jason Demers 27) at 17:14

Penalties :
Shane O'Brien (Bos) for Hooking (Minor) at 2:35, Viktor Stalberg (Bos) for Holding (Minor) at 11:12, Nikolai Zherdev (Bos) for Elbowing (Minor) at 19:18

3rd period

4. Kings , Zach Boychuk 3 (Greg Campbell 8, Paul Martin 11) at 15:56
5. Bruins , Pierre-Marc Bouchard 17 (T.J Galiardi 6, Nathan Horton 20) at 16:50
6. Kings , Wayne Simmonds 21 (Shea Weber 21, Ryan Johansen 14) at 17:22
7. Bruins , Nathan Horton 21 (T.J Galiardi 7, Henrik Sedin 51) at 19:37 (PP)

Penalties :
Nikita Kucherov (LAK) for Roughing (Minor) at 0:15, Torey Krug (Bos) for Slashing (Minor) at 13:39, Darnell Nurse (LAK) for Hooking (Minor) at 19:24

Goalie Stats

Brian Elliott (LAK), 19 saves from 22 shots - (0.864), W, 21-22-5, 60:00 minutes
Kevin Poulin (Bos), 29 saves from 33 shots - (0.879), L, 20-24-3, 60:00 minutes

Players Stats for Kings

Player Name              G  A  P  +/- PIM S  H  SB GA TA FO     MP     PP MP  PK MP  
------------------------------------------------------------------------------------
Anze Kopitar             0  1  1   0  0   2  0  1  2  0  2/5    16:02   4:27   0:08 
Brenden Morrow           0  0  0   0  0   1  1  1  0  0  0/0    15:26   0:00   0:00 
Darnell Nurse            0  0  0   2  2   1  2  1  0  0  0/0    20:45   3:09   0:34 
David Booth              0  0  0   1  0   5  2  0  0  0  0/0    13:20   0:14   0:08 
Greg Campbell            0  1  1   1  0   1  1  1  0  0  1/5     9:49   0:00   1:02 
Jon Merrill              0  0  0   0  0   1  2  0  0  0  0/0    25:14   5:44   0:55 
Mike Brown               0  0  0   1  0   0  2  0  0  0  0/1    10:02   0:10   1:02 
Mike Komisarek           0  0  0  -1  0   1  1  0  0  1  0/0    14:20   0:00   0:15 
Nikita Kucherov          0  0  0  -1  2   3  3  0  0  0  0/2    16:41   4:15   0:00 
Patrick Kane             1  1  2   1  0   4  0  2  0  0  0/0    22:51   5:54   0:00 
Paul Martin              0  1  1   0  0   1  0  0  1  1  0/0    16:22   0:00   0:08 
Ryan Johansen            0  1  1   1  0   2  1  0  1  0  4/16   17:35   4:16   0:00 
Ryan O'Reilly            0  1  1   1  0   4  1  0  1  0  9/18   19:22   4:23   0:00 
Shea Weber               0  1  1   2  0   1  3  3  2  0  0/0    20:38   3:09   0:15 
Staffan Kronwall         0  0  0   0  0   0  0  1  0  0  0/0    15:14   0:00   0:13 
Taylor Hall              0  0  0  -1  0   3  4  0  0  1  2/4    17:24   4:16   0:00 
Wayne Simmonds           2  0  2   2  0   2  3  1  3  0  1/1    18:11   4:27   0:00 
Zach Boychuk             1  0  1   1  0   1  2  0  0  0  0/0     8:30   0:00   0:00 

Players Stats for Bruins

Player Name              G  A  P  +/- PIM S  H  SB GA TA FO     MP     PP MP  PK MP  
------------------------------------------------------------------------------------
Andrew Alberts           0  0  0  -1  0   1  1  2  0  2  0/0    27:10   0:23   5:57 
Dave Bolland             0  0  0   0  0   2  3  0  0  0  2/5    18:02   0:23   3:09 
Dylan DeMelo             0  0  0   0  0   0  0  0  0  0  0/0    10:50   0:00   0:23 
Henrik Sedin             0  1  1  -2  0   3  2  0  2  0  22/31  24:18   0:49   5:03 
Jason Demers             0  1  1  -2  0   1  3  3  0  3  0/0    30:59   0:34   4:21 
Kevin Bieksa             0  0  0  -1  0   0  0  3  0  1  0/0     8:09   0:13   1:24 
Kris Chucko              0  0  0   0  0   1  1  0  0  1  0/0     7:44   0:00   0:36 
Michael Joly             0  0  0   0  0   0  0  0  0  0  0/0     0:36   0:00   0:00 
Nathan Horton            1  1  2   0  2   3  2  0  0  1  1/1    18:04   0:26   2:20 
Nikolai Zherdev          0  0  0   0  2   0  0  0  0  0  1/1     7:24   0:23   0:00 
Pierre-Marc Bouchard     2  0  2   0  0   2  2  0  0  0  5/12   16:13   0:21   0:00 
Rene Bourque             0  0  0   0  0   1  0  1  0  0  0/0    14:46   0:00   1:25 
Shane O'Brien            0  1  1  -1  2   0  4  2  1  1  0/0    21:34   0:34   2:48 
T.J Galiardi             0  2  2   0  0   1  3  0  0  1  1/1    15:16   0:26   0:00 
Torey Krug               0  0  0   0  2   1  1  2  0  0  0/0    22:41   0:36   2:53 
Victor Oreskovich        0  0  0  -1  0   1  1  1  0  0  0/0    13:44   0:21   0:00 
Viktor Stalberg          0  0  0   0  2   0  3  1  0  0  1/1    13:14   0:21   0:00 
Wojtek Wolski            0  0  0  -2  0   5  5  1  0  0  0/0    19:16   0:00   5:13 

3 Stars

1 - Wayne Simmonds (LAK)
2 - Pierre-Marc Bouchard (Bos)
3 - Patrick Kane (LAK)

Power Play

Kings - 0 on 5 Attempt(s) - 0.00%
Bruins - 1 on 2 Attempt(s) - 50.00%

Penalty Kill

Kings - 1 on 2 Attempt(s) - 50.00% - Score 0 goal in Penalty Kill
Bruins - 5 on 5 Attempt(s) - 100.00% - Score 0 goal in Penalty Kill

Team Stat

Kings - Hits : 28 - Faceoff Wins : 19 - Blocked Shots : 11 - Penalty Minutes : 4
Bruins - Hits : 31 - Faceoff Wins : 33 - Blocked Shots : 16 - Penalty Minutes : 10

Official

Referees : Unknown
Linesman : Unknown

Game Notes

No Game Note

Finance

Level 1 -- Attendance: 4848 (80.80%) -- Ticket Income $504,192
Level 2 -- Attendance: 3527 (70.54%) -- Ticket Income $225,728
Level 3 -- Attendance: 1870 (93.50%) -- Ticket Income $63,580
Level 4 -- Attendance: 4000 (100.00%) -- Ticket Income $96,000
Luxury Box -- Attendance: 757 (75.70%) -- Ticket Income $146,858
Game was played at the TD Banknorth Garden.
Total Attendance: 15002 (83.34%)
Total Ticket Income: $1,036,358
Other Income: $155,454
Total Income: $1,191,812

Kings

5 vs 5 Forward 
   Center                   Left Wing                Right Wing               Time % Phy DF OF 
 1 Ryan O'Reilly            Brenden Morrow           Patrick Kane             35     1   1  3  
 2 Anze Kopitar             Taylor Hall              Nikita Kucherov          30     1   1  3  
 3 Ryan Johansen            David Booth              Wayne Simmonds           30     1   1  3  
 4 Greg Campbell            Zach Boychuk             Mike Brown               5      1   3  1  

5 vs 5 Defense 
   Defense                  Defense                                           Time % Phy DF OF 
 1 Darnell Nurse            Shea Weber                                        40     1   3  1  
 2 Jon Merrill              Mike Komisarek                                    30     1   3  1  
 3 Staffan Kronwall         Paul Martin                                       30     1   3  1  
 4 Jon Merrill              Paul Martin                                       0      1   3  1  

PowerPlay Forward 
   Center                   Left Wing                Right Wing               Time % Phy DF OF 
 1 Ryan Johansen            Taylor Hall              Nikita Kucherov          60     0   1  4  
 2 Ryan O'Reilly            Anze Kopitar             Wayne Simmonds           40     0   1  4  

PowerPlay Defense
   Defense                  Defense                                           Time % Phy DF OF 
 1 Jon Merrill              Patrick Kane                                      60     0   2  3  
 2 Darnell Nurse            Shea Weber                                        40     0   2  3  

Penalty Kill 4 Players Forward 
   Center                   Wing                     Time % Phy DF OF 
 1 Greg Campbell            Mike Brown               60     1   3  1  
 2 Anze Kopitar             Wayne Simmonds           40     1   3  1  

Penalty Kill 4 Players Defense
   Defense                  Defense                  Time % Phy DF OF 
 1 Darnell Nurse            Jon Merrill              60     0   5  0  
 2 Shea Weber               Mike Komisarek           40     0   5  0  

Penalty Kill - 3 Players Forward 
   Forward                                           Time % Phy DF OF 
 1 Anze Kopitar                                      60     1   4  0  
 2 Patrick Kane                                      40     1   4  0  

Penalty Kill - 3 Players Defense
   Defense                  Defense                  Time % Phy DF OF 
 1 Shea Weber               Jon Merrill              60     0   5  0  
 2 Darnell Nurse            Mike Komisarek           40     0   5  0  

4 vs 4 Forward 
   Center                   Wing                     Time % Phy DF OF 
 1 Taylor Hall              Patrick Kane             60     1   2  2  
 2 Anze Kopitar             David Booth              40     1   2  2  

4 vs 4 Defense
   Defense                  Defense                  Time % Phy DF OF 
 1 Shea Weber               Staffan Kronwall         60     1   2  2  
 2 Jon Merrill              Paul Martin              40     1   2  2  

Last Minutes Offensive
   Center                   Left Wing                Right Wing               Defense                  Defense                  
   Anze Kopitar             Taylor Hall              Patrick Kane             Shea Weber               Darnell Nurse            

Last Minutes Defensive
   Center                   Left Wing                Right Wing               Defense                  Defense                  
   Anze Kopitar             Taylor Hall              Patrick Kane             Shea Weber               Jon Merrill              

Goaltenders
Starting : Brian Elliott            
Backup : Pascal Leclaire          

Extra Forwards
Normal : Patrick Kane, Ryan Johansen, Taylor Hall - PP : David Booth, Mike Brown - PK : Patrick Kane
Extra Defensemen
Normal : Shea Weber, Jon Merrill, Darnell Nurse - PP : Jon Merrill - PK : Staffan Kronwall, Paul Martin
Penalty Shots
Nikita Kucherov, Patrick Kane, Anze Kopitar, Ryan Johansen, David Booth

Scratches
Peter Worrell (Healthy), Tomas Plekanec (Healthy)

Bruins

5 vs 5 Forward 
   Center                   Left Wing                Right Wing               Time % Phy DF OF 
 1 Henrik Sedin             Wojtek Wolski            Victor Oreskovich        45     0   2  3  
 2 Pierre-Marc Bouchard     T.J Galiardi             Nathan Horton            33     0   2  3  
 3 Dave Bolland             Viktor Stalberg          Rene Bourque             21     1   2  2  
 4 Henrik Sedin             Kris Chucko              Nikolai Zherdev          1      1   2  2  

5 vs 5 Defense 
   Defense                  Defense                                           Time % Phy DF OF 
 1 Jason Demers             Shane O'Brien                                     40     1   2  2  
 2 Andrew Alberts           Torey Krug                                        30     1   2  2  
 3 Jason Demers             Andrew Alberts                                    20     1   2  2  
 4 Jason Demers             Dylan DeMelo                                      10     1   2  2  

PowerPlay Forward 
   Center                   Left Wing                Right Wing               Time % Phy DF OF 
 1 Henrik Sedin             T.J Galiardi             Nathan Horton            60     0   2  3  
 2 Pierre-Marc Bouchard     Viktor Stalberg          Victor Oreskovich        40     0   2  3  

PowerPlay Defense
   Defense                  Defense                                           Time % Phy DF OF 
 1 Torey Krug               Kevin Bieksa                                      60     0   2  3  
 2 Shane O'Brien            Jason Demers                                      40     0   2  3  

Penalty Kill 4 Players Forward 
   Center                   Wing                     Time % Phy DF OF 
 1 Henrik Sedin             Wojtek Wolski            60     0   3  2  
 2 Dave Bolland             Nathan Horton            40     0   3  2  

Penalty Kill 4 Players Defense
   Defense                  Defense                  Time % Phy DF OF 
 1 Jason Demers             Andrew Alberts           60     0   3  2  
 2 Shane O'Brien            Torey Krug               40     0   3  2  

Penalty Kill - 3 Players Forward 
   Forward                                           Time % Phy DF OF 
 1 Wojtek Wolski                                     60     0   4  1  
 2 Nathan Horton                                     40     0   4  1  

Penalty Kill - 3 Players Defense
   Defense                  Defense                  Time % Phy DF OF 
 1 Jason Demers             Andrew Alberts           60     0   5  0  
 2 Shane O'Brien            Torey Krug               40     0   5  0  

4 vs 4 Forward 
   Center                   Wing                     Time % Phy DF OF 
 1 Henrik Sedin             Dave Bolland             60     1   2  2  
 2 Nathan Horton            Victor Oreskovich        40     1   2  2  

4 vs 4 Defense
   Defense                  Defense                  Time % Phy DF OF 
 1 Jason Demers             Shane O'Brien            60     1   2  2  
 2 Shane O'Brien            Torey Krug               40     1   2  2  

Last Minutes Offensive
   Center                   Left Wing                Right Wing               Defense                  Defense                  
   Henrik Sedin             Viktor Stalberg          Nathan Horton            Jason Demers             Torey Krug               

Last Minutes Defensive
   Center                   Left Wing                Right Wing               Defense                  Defense                  
   Henrik Sedin             Viktor Stalberg          Nathan Horton            Jason Demers             Shane O'Brien            

Goaltenders
Starting : Kevin Poulin             
Backup : Craig Anderson           

Extra Forwards
Normal : Pierre-Marc Bouchard, Dave Bolland, Rene Bourque - PP : Pierre-Marc Bouchard, Dave Bolland - PK : Rene Bourque
Extra Defensemen
Normal : Torey Krug, Andrew Alberts, Jason Demers - PP : Kevin Bieksa - PK : Torey Krug, Shane O'Brien
Penalty Shots
Viktor Stalberg, Henrik Sedin, Nathan Horton, Victor Oreskovich, Pierre-Marc Bouchard

Scratches
Brendan Smith (Bruised Right Arm Injury), Freddie Hamilton (Healthy)

% Time on Ice - Kings

Lines # - Real PCT - Wanted PCT - Time Play
Normal Forward
1 - 30% - 35% - 14:22
2 - 23% - 30% - 11:23
3 - 27% - 30% - 12:53
4 - 20% - 5% - 9:55
Normal Defense
1 - 39% - 40% - 18:55
2 - 29% - 30% - 13:55
3 - 30% - 30% - 14:30
4 - 3% - 0% - 1:13
PP Forward
1 - 50% - 60% - 4:26
2 - 50% - 40% - 4:27
PP Defense
1 - 65% - 60% - 5:44
2 - 35% - 40% - 3:09
PK Forward
1 - 89% - 60% - 1:02
2 - 11% - 40% - 0:08
PK Defense
1 - 67% - 60% - 0:47
2 - 33% - 40% - 0:23
PK3 Forward
1 - 0% - 60%
2 - 0% - 40%
PK3 Defense
1 - 0% - 60%
2 - 0% - 40%
44 Forward
1 - 97% - 60% - 1:00
2 - 3% - 40% - 0:02
44 Defense
1 - 50% - 60% - 0:31
2 - 50% - 40% - 0:31
Last Minute Offensive  - 0:00
Last Minute Defensive  - 0:22
Total
Forward - 60:00
Defense - 60:00

% Time on Ice - Bruins

Lines # - Real PCT - Wanted PCT - Time Play
Normal Forward
1 - 29% - 45% - 14:13
2 - 31% - 33% - 14:50
3 - 26% - 21% - 12:28
4 - 14% - 1% - 7:02
Normal Defense
1 - 35% - 40% - 16:51
2 - 34% - 30% - 16:24
3 - 10% - 20% - 4:57
4 - 21% - 10% - 10:21
PP Forward
1 - 70% - 60% - 0:49
2 - 30% - 40% - 0:21
PP Defense
1 - 19% - 60% - 0:13
2 - 81% - 40% - 0:57
PK Forward
1 - 69% - 60% - 6:07
2 - 31% - 40% - 2:46
PK Defense
1 - 53% - 60% - 4:45
2 - 47% - 40% - 4:08
PK3 Forward
1 - 0% - 60%
2 - 0% - 40%
PK3 Defense
1 - 0% - 60%
2 - 0% - 40%
44 Forward
1 - 69% - 60% - 0:43
2 - 31% - 40% - 0:19
44 Defense
1 - 60% - 60% - 0:37
2 - 40% - 40% - 0:25
Last Minute Offensive  - 0:22
Last Minute Defensive  - 0:00
Total
Forward - 60:00
Defense - 60:00

Play-by-Play

1st period


0:01 of 1st period - Henrik Sedin wins face-off versus Ryan O'Reilly in neutral zone.
0:06 of 1st period - Wrist shot by Henrik Sedin.
0:06 of 1st period - Shot Misses the Net.
0:08 of 1st period - Snap shot by Wojtek Wolski.
0:08 of 1st period - Stopped by Brian Elliott with a rebound.
0:10 of 1st period - Snap shot by Shane O'Brien.
0:10 of 1st period - Deflect By Wojtek Wolski.
0:10 of 1st period - Shot Blocked by Darnell Nurse.
0:10 of 1st period - Puck is out of play.
0:11 of 1st period - Nathan Horton wins face-off versus Anze Kopitar in Kings zone.
1:14 of 1st period - Snap shot by Wojtek Wolski.
1:14 of 1st period - Stopped by Brian Elliott with a rebound.
1:16 of 1st period - Wrist shot by Andrew Alberts.
1:16 of 1st period - Stopped by Brian Elliott with a rebound.
1:36 of 1st period - Snap shot by Zach Boychuk.
1:36 of 1st period - Shot Blocked by Jason Demers.
2:08 of 1st period - Jason Demers is hit by David Booth and loses puck.
2:17 of 1st period - Slapshot by David Booth.
2:17 of 1st period - Shot Misses the Net.
3:03 of 1st period - Slapshot by Rene Bourque.
3:03 of 1st period - Stopped by Brian Elliott without a rebound.
3:04 of 1st period - Henrik Sedin wins face-off versus Ryan Johansen in Kings zone.
3:29 of 1st period - Anze Kopitar is hit by Pierre-Marc Bouchard and loses puck.
3:34 of 1st period - Slapshot by Pierre-Marc Bouchard.
3:34 of 1st period - Deflect By Nathan Horton.
3:34 of 1st period - Shot Blocked by Anze Kopitar.
3:34 of 1st period - Puck is out of play.
3:35 of 1st period - Ryan O'Reilly wins face-off versus Pierre-Marc Bouchard in Kings zone.
4:01 of 1st period - Slapshot by Wojtek Wolski.
4:01 of 1st period - Stopped by Brian Elliott with a rebound.
4:43 of 1st period - Snap shot by Mike Brown.
4:43 of 1st period - Shot Blocked by Shane O'Brien.
4:45 of 1st period - Snap shot by Paul Martin.
4:45 of 1st period - Stopped by Kevin Poulin with a rebound.
4:47 of 1st period - Slapshot by Jon Merrill.
4:47 of 1st period - Deflect By Rene Bourque.
4:47 of 1st period - Stopped by Kevin Poulin without a rebound.
4:48 of 1st period - Pierre-Marc Bouchard wins face-off versus Ryan O'Reilly in Bruins zone.
4:48 of 1st period - Pierre-Marc Bouchard is hit by Darnell Nurse.
4:54 of 1st period - Ryan O'Reilly is hit by T.J Galiardi and loses puck.
5:01 of 1st period - Wrist shot by Ryan O'Reilly.
5:01 of 1st period - Shot Misses the Net.
5:03 of 1st period - Snap shot by Patrick Kane.
5:03 of 1st period - Goal by Patrick Kane - Kings : 1 - Bruins : 0.
5:04 of 1st period - Henrik Sedin wins face-off versus Ryan Johansen in neutral zone.
5:11 of 1st period - Slapshot by David Booth.
5:11 of 1st period - Stopped by Kevin Poulin without a rebound.
5:12 of 1st period - Ryan Johansen wins face-off versus Henrik Sedin in Bruins zone.
5:21 of 1st period - Slapshot by Ryan Johansen.
5:21 of 1st period - Stopped by Kevin Poulin without a rebound.
5:22 of 1st period - Henrik Sedin wins face-off versus Ryan O'Reilly in Bruins zone.
5:31 of 1st period - Wrist shot by Wojtek Wolski.
5:31 of 1st period - Shot Misses the Net.
5:39 of 1st period - Wrist shot by Ryan O'Reilly.
5:39 of 1st period - Stopped by Kevin Poulin without a rebound.
5:40 of 1st period - Pierre-Marc Bouchard wins face-off versus Anze Kopitar in Bruins zone.
6:07 of 1st period - Mike Komisarek is hit by Jason Demers and loses puck.
6:16 of 1st period - Snap shot by David Booth.
6:16 of 1st period - Stopped by Kevin Poulin with a rebound.
6:26 of 1st period - Jason Demers is hit by Darnell Nurse and loses puck.
6:35 of 1st period - Backhand shot by Patrick Kane.
6:35 of 1st period - Stopped by Kevin Poulin with a rebound.
6:37 of 1st period - Wrist shot by Patrick Kane.
6:37 of 1st period - Shot Misses the Net.
8:15 of 1st period - Zach Boychuk is hit by Shane O'Brien and loses puck.
8:49 of 1st period - Ryan O'Reilly is hit by Wojtek Wolski and loses puck.
9:29 of 1st period - Off-side.
9:30 of 1st period - Ryan O'Reilly wins face-off versus Dave Bolland in neutral zone.
9:49 of 1st period - Ryan O'Reilly is hit by Viktor Stalberg and loses puck.
10:10 of 1st period - Wrist shot by Ryan O'Reilly.
10:10 of 1st period - Stopped by Kevin Poulin with a rebound.
10:12 of 1st period - Slapshot by Ryan O'Reilly.
10:12 of 1st period - Stopped by Kevin Poulin without a rebound.
10:13 of 1st period - Wayne Simmonds wins face-off versus Pierre-Marc Bouchard in Bruins zone.
10:23 of 1st period - Minor Penalty to Nathan Horton for Roughing.
10:24 of 1st period - Henrik Sedin wins face-off versus Ryan Johansen in Bruins zone.
10:24 of 1st period - Henrik Sedin is hit by Nikita Kucherov.
10:58 of 1st period - Shane O'Brien is hit by Wayne Simmonds and loses puck.
11:19 of 1st period - Wrist shot by Dave Bolland.
11:19 of 1st period - Stopped by Brian Elliott with a rebound.
11:27 of 1st period - Rene Bourque is hit by Shea Weber and loses puck.
11:53 of 1st period - Icing by Wayne Simmonds.
11:54 of 1st period - Ryan O'Reilly wins face-off versus Dave Bolland in Kings zone.
12:23 of 1st period - Penalty to Nathan Horton is over, Nathan Horton is back on ice.
13:48 of 1st period - Shea Weber is hit by T.J Galiardi and loses puck.
14:03 of 1st period - Darnell Nurse is hit by Viktor Stalberg and loses puck.
14:44 of 1st period - Off-side.
14:45 of 1st period - Ryan O'Reilly wins face-off versus Pierre-Marc Bouchard in neutral zone.
14:52 of 1st period - Snap shot by Patrick Kane.
14:52 of 1st period - Shot Hit the Post.
14:54 of 1st period - Snap shot by Patrick Kane.
14:54 of 1st period - Stopped by Kevin Poulin with a rebound.
15:04 of 1st period - Ryan Johansen is hit by Wojtek Wolski and loses puck.
15:25 of 1st period - Snap shot by Anze Kopitar.
15:25 of 1st period - Stopped by Kevin Poulin without a rebound.
15:26 of 1st period - Anze Kopitar wins face-off versus Dave Bolland in Bruins zone.
15:35 of 1st period - Snap shot by Taylor Hall.
15:35 of 1st period - Stopped by Kevin Poulin without a rebound.
15:36 of 1st period - Henrik Sedin wins face-off versus Anze Kopitar in Bruins zone.
15:36 of 1st period - Henrik Sedin is hit by Taylor Hall.
17:45 of 1st period - Mike Brown is hit by Torey Krug and loses puck.
18:58 of 1st period - Off-side.
18:59 of 1st period - Dave Bolland wins face-off versus Greg Campbell in neutral zone.
19:11 of 1st period - Victor Oreskovich is hit by Jon Merrill.
19:30 of 1st period - Slapshot by Mike Komisarek.
19:30 of 1st period - Stopped by Kevin Poulin without a rebound.
19:31 of 1st period - Ryan O'Reilly wins face-off versus Pierre-Marc Bouchard in Bruins zone.
19:32 of 1st period - Snap shot by Patrick Kane.
19:32 of 1st period - Shot Blocked by Andrew Alberts.
Goals for this period are 1 for Kings vs 0 for Bruins.
Shots for this period are 14 for Kings vs 6 for Bruins.

2nd period


0:01 of 2nd period - Ryan Johansen wins face-off versus Henrik Sedin in neutral zone.
0:04 of 2nd period - Snap shot by Ryan Johansen.
0:04 of 2nd period - Stopped by Kevin Poulin without a rebound.
0:05 of 2nd period - Henrik Sedin wins face-off versus Ryan Johansen in Bruins zone.
0:54 of 2nd period - Wrist shot by Patrick Kane.
0:54 of 2nd period - Stopped by Kevin Poulin with a rebound.
0:56 of 2nd period - Slapshot by Darnell Nurse.
0:56 of 2nd period - Stopped by Kevin Poulin without a rebound.
0:57 of 2nd period - Viktor Stalberg wins face-off versus Ryan O'Reilly in Bruins zone.
1:06 of 2nd period - Wrist shot by Rene Bourque.
1:06 of 2nd period - Shot Blocked by Shea Weber.
1:08 of 2nd period - Slapshot by Andrew Alberts.
1:08 of 2nd period - Shot Misses the Net.
1:18 of 2nd period - Brenden Morrow is hit by Dave Bolland and loses puck.
1:25 of 2nd period - Slapshot by Shea Weber.
1:25 of 2nd period - Shot Blocked by Shane O'Brien.
1:27 of 2nd period - Snap shot by Ryan O'Reilly.
1:27 of 2nd period - Shot Blocked by Jason Demers.
1:29 of 2nd period - Slapshot by Jon Merrill.
1:29 of 2nd period - Shot Blocked by Viktor Stalberg.
1:31 of 2nd period - Backhand shot by Brenden Morrow.
1:31 of 2nd period - Stopped by Kevin Poulin with a rebound.
1:39 of 2nd period - Snap shot by Brenden Morrow.
1:39 of 2nd period - Shot Blocked by Jason Demers.
1:41 of 2nd period - Wrist shot by Ryan O'Reilly.
1:41 of 2nd period - Shot Blocked by Rene Bourque.
1:43 of 2nd period - Slapshot by Mike Komisarek.
1:43 of 2nd period - Deflect By Brenden Morrow.
1:43 of 2nd period - Shot Misses the Net.
1:43 of 2nd period - Puck is out of play.
1:44 of 2nd period - Anze Kopitar wins face-off versus Henrik Sedin in Bruins zone.
1:51 of 2nd period - Wrist shot by Taylor Hall.
1:51 of 2nd period - Stopped by Kevin Poulin with a rebound.
1:53 of 2nd period - Wrist shot by Anze Kopitar.
1:53 of 2nd period - Shot Blocked by Victor Oreskovich.
2:01 of 2nd period - Henrik Sedin is hit by Nikita Kucherov and loses puck.
2:35 of 2nd period - Minor Penalty to Shane O'Brien for Hooking.
2:36 of 2nd period - Henrik Sedin wins face-off versus Ryan Johansen in Bruins zone.
2:53 of 2nd period - Wrist shot by Taylor Hall.
2:53 of 2nd period - Deflect By Nikita Kucherov.
2:53 of 2nd period - Stopped by Kevin Poulin without a rebound.
2:54 of 2nd period - Henrik Sedin wins face-off versus Ryan O'Reilly in Bruins zone.
3:01 of 2nd period - Snap shot by Wojtek Wolski.
3:01 of 2nd period - Stopped by Brian Elliott without a rebound.
3:02 of 2nd period - Henrik Sedin wins face-off versus Ryan O'Reilly in Kings zone.
3:07 of 2nd period - Slapshot by Wojtek Wolski.
3:07 of 2nd period - Shot Misses the Net.
4:35 of 2nd period - Penalty to Shane O'Brien is over, Shane O'Brien is back on ice.
4:43 of 2nd period - Slapshot by Ryan O'Reilly.
4:43 of 2nd period - Stopped by Kevin Poulin with a rebound.
5:19 of 2nd period - Ryan O'Reilly is hit by Wojtek Wolski and loses puck.
5:28 of 2nd period - Wrist shot by Anze Kopitar.
5:28 of 2nd period - Shot Blocked by Wojtek Wolski.
5:30 of 2nd period - Slapshot by Patrick Kane.
5:30 of 2nd period - Shot Blocked by Torey Krug.
5:32 of 2nd period - Snap shot by Wayne Simmonds.
5:32 of 2nd period - Goal by Wayne Simmonds - Kings : 2 - Bruins : 0.
5:33 of 2nd period - Greg Campbell wins face-off versus Pierre-Marc Bouchard in neutral zone.
5:38 of 2nd period - Slapshot by Shea Weber.
5:38 of 2nd period - Stopped by Kevin Poulin with a rebound.
6:03 of 2nd period - Greg Campbell is hit by Dave Bolland and loses puck.
6:22 of 2nd period - T.J Galiardi is hit by Taylor Hall and loses puck.
6:57 of 2nd period - Slapshot by Torey Krug.
6:57 of 2nd period - Stopped by Brian Elliott without a rebound.
6:58 of 2nd period - Dave Bolland wins face-off versus Taylor Hall in Kings zone.
7:19 of 2nd period - Darnell Nurse is hit by Nathan Horton and loses puck.
7:29 of 2nd period - Icing by Brenden Morrow.
7:30 of 2nd period - Taylor Hall wins face-off versus Henrik Sedin in Kings zone.
8:23 of 2nd period - Shane O'Brien is hit by Zach Boychuk.
8:43 of 2nd period - Jason Demers is hit by Wayne Simmonds and loses puck.
8:58 of 2nd period - Backhand shot by Zach Boychuk.
8:58 of 2nd period - Deflect By Mike Brown.
8:58 of 2nd period - Shot Misses the Net.
8:58 of 2nd period - Puck is out of play.
8:59 of 2nd period - T.J Galiardi wins face-off versus Greg Campbell in Bruins zone.
9:04 of 2nd period - Wrist shot by Pierre-Marc Bouchard.
9:04 of 2nd period - Shot Misses the Net.
9:10 of 2nd period - Torey Krug is hit by Greg Campbell and loses puck.
10:30 of 2nd period - Brenden Morrow is hit by Wojtek Wolski and loses puck.
10:46 of 2nd period - Snap shot by T.J Galiardi.
10:46 of 2nd period - Stopped by Brian Elliott with a rebound.
11:12 of 2nd period - Minor Penalty to Viktor Stalberg for Holding.
11:13 of 2nd period - Henrik Sedin wins face-off versus Ryan Johansen in Bruins zone.
12:53 of 2nd period - Wrist shot by Dave Bolland.
12:53 of 2nd period - Stopped by Brian Elliott with a rebound.
13:12 of 2nd period - Penalty to Viktor Stalberg is over, Viktor Stalberg is back on ice.
13:23 of 2nd period - Slapshot by Kris Chucko.
13:23 of 2nd period - Stopped by Brian Elliott with a rebound.
14:05 of 2nd period - Snap shot by Kris Chucko.
14:05 of 2nd period - Shot Misses the Net.
14:29 of 2nd period - Mike Komisarek is hit by Pierre-Marc Bouchard and loses puck.
14:48 of 2nd period - Staffan Kronwall is hit by Viktor Stalberg.
15:17 of 2nd period - Dylan DeMelo is hit by Taylor Hall and loses puck.
15:57 of 2nd period - Viktor Stalberg is hit by Brenden Morrow and loses puck.
16:06 of 2nd period - Brenden Morrow is hit by Dave Bolland and loses puck.
16:24 of 2nd period - Snap shot by Anze Kopitar.
16:24 of 2nd period - Stopped by Kevin Poulin without a rebound.
16:25 of 2nd period - Pierre-Marc Bouchard wins face-off versus Ryan Johansen in Bruins zone.
16:39 of 2nd period - Wayne Simmonds is hit by T.J Galiardi and loses puck.
16:50 of 2nd period - Backhand shot by Henrik Sedin.
16:50 of 2nd period - Stopped by Brian Elliott without a rebound.
16:51 of 2nd period - Ryan O'Reilly wins face-off versus Henrik Sedin in Kings zone.
16:57 of 2nd period - Icing by Brenden Morrow.
16:58 of 2nd period - Ryan O'Reilly wins face-off versus Pierre-Marc Bouchard in Kings zone.
16:58 of 2nd period - Ryan O'Reilly is hit by Shane O'Brien.
17:03 of 2nd period - Jon Merrill is hit by Jason Demers and loses puck.
17:14 of 2nd period - Snap shot by Pierre-Marc Bouchard.
17:14 of 2nd period - Goal by Pierre-Marc Bouchard - Kings : 2 - Bruins : 1.
17:15 of 2nd period - Ryan O'Reilly wins face-off versus Henrik Sedin in neutral zone.
17:18 of 2nd period - Wrist shot by Patrick Kane.
17:18 of 2nd period - Shot Blocked by Andrew Alberts.
18:12 of 2nd period - Snap shot by Nikita Kucherov.
18:12 of 2nd period - Stopped by Kevin Poulin with a rebound.
19:08 of 2nd period - Anze Kopitar is hit by Henrik Sedin and loses puck.
19:18 of 2nd period - Minor Penalty to Nikolai Zherdev for Elbowing.
19:19 of 2nd period - Henrik Sedin wins face-off versus Nikita Kucherov in Bruins zone.
19:31 of 2nd period - Slapshot by Patrick Kane.
19:31 of 2nd period - Shot Blocked by Torey Krug.
19:33 of 2nd period - Slapshot by Nikita Kucherov.
19:33 of 2nd period - Stopped by Kevin Poulin without a rebound.
19:34 of 2nd period - Henrik Sedin wins face-off versus Ryan Johansen in Bruins zone.
19:47 of 2nd period - Wrist shot by Taylor Hall.
19:47 of 2nd period - Shot Misses the Net.
19:49 of 2nd period - Slapshot by Patrick Kane.
19:49 of 2nd period - Shot Misses the Net.
19:59 of 2nd period - Patrick Kane is hit by Andrew Alberts and loses puck.
Goals for this period are 1 for Kings vs 1 for Bruins.
Shots for this period are 12 for Kings vs 7 for Bruins.

3rd period


0:01 of 3rd period - Henrik Sedin wins face-off versus Nikita Kucherov in neutral zone.
0:15 of 3rd period - Minor Penalty to Nikita Kucherov for Roughing.
0:16 of 3rd period - Henrik Sedin wins face-off versus Taylor Hall in Kings zone.
0:19 of 3rd period - Snap shot by Henrik Sedin.
0:19 of 3rd period - Shot Misses the Net.
1:18 of 3rd period - Penalty to Nikolai Zherdev is over, Nikolai Zherdev is back on ice.
1:21 of 3rd period - Andrew Alberts is hit by David Booth and loses puck.
1:38 of 3rd period - Slapshot by Torey Krug.
1:38 of 3rd period - Shot Blocked by Shea Weber.
1:40 of 3rd period - Slapshot by Torey Krug.
1:40 of 3rd period - Deflect By Nikolai Zherdev.
1:40 of 3rd period - Shot Misses the Net.
1:40 of 3rd period - Puck is out of play.
1:41 of 3rd period - Pierre-Marc Bouchard wins face-off versus Greg Campbell in Kings zone.
1:56 of 3rd period - Snap shot by Pierre-Marc Bouchard.
1:56 of 3rd period - Shot Hit the Post.
1:58 of 3rd period - Slapshot by Viktor Stalberg.
1:58 of 3rd period - Shot Misses the Net.
2:14 of 3rd period - Mike Brown is hit by Jason Demers and loses puck.
2:15 of 3rd period - Penalty to Nikita Kucherov is over, Nikita Kucherov is back on ice.
2:52 of 3rd period - Jon Merrill is hit by Victor Oreskovich and loses puck.
3:24 of 3rd period - Wrist shot by Taylor Hall.
3:24 of 3rd period - Stopped by Kevin Poulin with a rebound.
3:53 of 3rd period - Snap shot by Henrik Sedin.
3:53 of 3rd period - Deflect By Nikolai Zherdev.
3:53 of 3rd period - Shot Blocked by Shea Weber.
3:53 of 3rd period - Puck is out of play.
3:54 of 3rd period - Henrik Sedin wins face-off versus Ryan O'Reilly in Kings zone.
3:55 of 3rd period - Wrist shot by Nikolai Zherdev.
3:55 of 3rd period - Shot Blocked by Brenden Morrow.
3:57 of 3rd period - Slapshot by Henrik Sedin.
3:57 of 3rd period - Stopped by Brian Elliott without a rebound.
3:58 of 3rd period - Nikolai Zherdev wins face-off versus Ryan O'Reilly in Kings zone.
4:25 of 3rd period - Nikolai Zherdev is hit by Nikita Kucherov and loses puck.
4:33 of 3rd period - Torey Krug is hit by Taylor Hall and loses puck.
4:48 of 3rd period - Ryan Johansen is hit by Nathan Horton and loses puck.
5:34 of 3rd period - Slapshot by Patrick Kane.
5:34 of 3rd period - Shot Misses the Net.
5:36 of 3rd period - Slapshot by Staffan Kronwall.
5:36 of 3rd period - Shot Misses the Net.
5:51 of 3rd period - Jason Demers is hit by Ryan Johansen and loses puck.
6:04 of 3rd period - Jon Merrill is hit by Shane O'Brien and loses puck.
6:11 of 3rd period - Snap shot by Nathan Horton.
6:11 of 3rd period - Stopped by Brian Elliott with a rebound.
6:38 of 3rd period - Wrist shot by David Booth.
6:38 of 3rd period - Stopped by Kevin Poulin with a rebound.
6:40 of 3rd period - Snap shot by Ryan Johansen.
6:40 of 3rd period - Shot Blocked by Kevin Bieksa.
6:42 of 3rd period - Slapshot by Mike Komisarek.
6:42 of 3rd period - Shot Misses the Net.
7:18 of 3rd period - Slapshot by David Booth.
7:18 of 3rd period - Stopped by Kevin Poulin with a rebound.
7:20 of 3rd period - Snap shot by David Booth.
7:20 of 3rd period - Stopped by Kevin Poulin without a rebound.
7:21 of 3rd period - Henrik Sedin wins face-off versus Ryan O'Reilly in Bruins zone.
7:34 of 3rd period - Snap shot by Wojtek Wolski.
7:34 of 3rd period - Shot Blocked by Patrick Kane.
8:41 of 3rd period - Nikita Kucherov is hit by Henrik Sedin and loses puck.
9:15 of 3rd period - Dylan DeMelo is hit by Mike Komisarek.
9:41 of 3rd period - Andrew Alberts is hit by Mike Brown and loses puck.
10:21 of 3rd period - Henrik Sedin is hit by Mike Brown and loses puck.
10:34 of 3rd period - Rene Bourque is hit by Wayne Simmonds and loses puck.
11:01 of 3rd period - Shane O'Brien is hit by Zach Boychuk.
11:30 of 3rd period - T.J Galiardi is hit by Ryan O'Reilly and loses puck.
12:35 of 3rd period - Snap shot by Zach Boychuk.
12:35 of 3rd period - Shot Blocked by Kevin Bieksa.
12:41 of 3rd period - Snap shot by Mike Brown.
12:41 of 3rd period - Shot Blocked by Kevin Bieksa.
13:34 of 3rd period - Slapshot by Taylor Hall.
13:34 of 3rd period - Deflect By Nikita Kucherov.
13:34 of 3rd period - Shot Misses the Net.
13:34 of 3rd period - Puck is out of play.
13:35 of 3rd period - Ryan O'Reilly wins face-off versus Pierre-Marc Bouchard in Bruins zone.
13:39 of 3rd period - Minor Penalty to Torey Krug for Slashing.
13:40 of 3rd period - Henrik Sedin wins face-off versus Ryan Johansen in Bruins zone.
15:14 of 3rd period - Ryan O'Reilly is hit by Kris Chucko and loses puck.
15:39 of 3rd period - Penalty to Torey Krug is over, Torey Krug is back on ice.
15:44 of 3rd period - Wrist shot by Greg Campbell.
15:44 of 3rd period - Stopped by Kevin Poulin without a rebound.
15:45 of 3rd period - Pierre-Marc Bouchard wins face-off versus Mike Brown in Bruins zone.
15:56 of 3rd period - Wrist shot by Zach Boychuk.
15:56 of 3rd period - Goal by Zach Boychuk - Kings : 3 - Bruins : 1.
15:57 of 3rd period - Henrik Sedin wins face-off versus Ryan Johansen in neutral zone.
16:22 of 3rd period - Jason Demers is hit by Shea Weber and loses puck.
16:45 of 3rd period - Taylor Hall is hit by Shane O'Brien and loses puck.
16:50 of 3rd period - Snap shot by T.J Galiardi.
16:50 of 3rd period - Deflect By Pierre-Marc Bouchard.
16:50 of 3rd period - Goal by Pierre-Marc Bouchard - Kings : 3 - Bruins : 2.
16:51 of 3rd period - Henrik Sedin wins face-off versus Ryan Johansen in neutral zone.
16:54 of 3rd period - Slapshot by Jason Demers.
16:54 of 3rd period - Stopped by Brian Elliott with a rebound.
16:56 of 3rd period - Snap shot by Henrik Sedin.
16:56 of 3rd period - Stopped by Brian Elliott with a rebound.
16:58 of 3rd period - Slapshot by Victor Oreskovich.
16:58 of 3rd period - Stopped by Brian Elliott without a rebound.
16:59 of 3rd period - Ryan Johansen wins face-off versus Henrik Sedin in Kings zone.
17:04 of 3rd period - Snap shot by Victor Oreskovich.
17:04 of 3rd period - Shot Blocked by Wayne Simmonds.
17:08 of 3rd period - Snap shot by Wojtek Wolski.
17:08 of 3rd period - Stopped by Brian Elliott without a rebound.
17:09 of 3rd period - Henrik Sedin wins face-off versus Ryan Johansen in Kings zone.
17:22 of 3rd period - Slapshot by Wayne Simmonds.
17:22 of 3rd period - Goal by Wayne Simmonds - Kings : 4 - Bruins : 2.
17:23 of 3rd period - Ryan Johansen wins face-off versus Henrik Sedin in neutral zone.
17:50 of 3rd period - Jason Demers is hit by Jon Merrill and loses puck.
17:57 of 3rd period - Slapshot by Shane O'Brien.
17:57 of 3rd period - Shot Blocked by Patrick Kane.
18:53 of 3rd period - Patrick Kane is hit by Wojtek Wolski and loses puck.
19:16 of 3rd period - Dave Bolland is hit by Shea Weber and loses puck.
19:24 of 3rd period - Minor Penalty to Darnell Nurse for Hooking.
19:25 of 3rd period - Henrik Sedin wins face-off versus Greg Campbell in Kings zone.
19:25 of 3rd period - Wrist shot by T.J Galiardi.
19:25 of 3rd period - Shot Blocked by Staffan Kronwall.
19:33 of 3rd period - Snap shot by T.J Galiardi.
19:33 of 3rd period - Shot Blocked by Greg Campbell.
19:35 of 3rd period - Wrist shot by Nathan Horton.
19:35 of 3rd period - Stopped by Brian Elliott with a rebound.
19:37 of 3rd period - Slapshot by Nathan Horton.
19:37 of 3rd period - Goal by Nathan Horton - Kings : 4 - Bruins : 3.
19:38 of 3rd period - Taylor Hall wins face-off versus Henrik Sedin in neutral zone.
19:41 of 3rd period - Snap shot by Shea Weber.
19:41 of 3rd period - Shot Misses the Net.
19:43 of 3rd period - Slapshot by Anze Kopitar.
19:43 of 3rd period - Shot Misses the Net.
Goals for this period are 2 for Kings vs 2 for Bruins.
Shots for this period are 7 for Kings vs 9 for Bruins.